TOP OF THE 1ST |
Tri-City Dust Devils batting - Pitching for Auburn Doubledays : RHP Brian Walker
|
Pitching: RHP Brian Walker
|
|
Batting: RHB Ben Hoffman
|
0-0: Ball 1-0: Called Strike 1-1: Foul Ball, location: 2F 1-2: Ground out U3 (Groundball, 34, EV 101.9 MPH)
|
Batting: SHB Cesar Arteaga
|
0-0: Called Strike 0-1: Foul Ball, location: 2F 0-2: Ball 1-2: Foul Ball, location: 2F 1-2: Ball 2-2: Foul Ball, location: 2F 2-2: Foul Ball, location: 2F 2-2: Ball 3-2: DOUBLE (Line Drive, 9LM, EV 110.0 MPH)
|
Batting: RHB Yuusei Narita
|
0-0: Foul Ball, location: 2F 0-1: Ball 1-1: Ball 2-1: Foul Ball, location: 2F 2-2: Fly out, F7 (Line Drive, 7, EV 89.4 MPH)
|
Batting: RHB Deshawn Boseman
|
0-0: Ball 1-0: SINGLE (Groundball, 56, EV 101.9 MPH) Cesar Arteaga to third Runner from 3rd tries for Home, SAFE, throw by LF to home
|
Batting: SHB Jared Boyce
|
0-0: Foul Ball, location: 2F 0-1: Foul Ball, location: 2F 0-2: Foul Ball, location: 2F 0-2: Foul Ball, location: 2F 0-2: Foul Ball, location: 2F 0-2: Strikes out swinging
|
Top of the 1st over - 1 run, 2 hits, 0 errors, 1 left on base; Tri-City 1 - Auburn 0 |
BOTTOM OF THE 1ST |
Auburn Doubledays batting - Pitching for Tri-City Dust Devils : RHP Chris Leavitt
|
Pitching: RHP Chris Leavitt
|
|
Batting: LHB Carlos Guadarrama
|
0-0: Ground out 6-3 (Groundball, 6MS, EV 89.4 MPH)
|
Batting: RHB Colin Morris
|
0-0: Ball 1-0: Fly out, F7 (Flyball, 7S, EV 78.8 MPH)
|
Batting: RHB Kenny Ball
|
0-0: Ground out 4-3 (Groundball, 4, EV 79.4 MPH)
|
Bottom of the 1st over - 0 runs, 0 hits, 0 errors, 0 left on base; Tri-City 1 - Auburn 0 |
TOP OF THE 2ND |
Tri-City Dust Devils batting - Pitching for Auburn Doubledays : RHP Brian Walker
|
Batting: RHB Victor Contreras
|
0-0: Ball 1-0: Foul Ball, location: 2F 1-1: Swinging Strike 1-2: Hit by Pitch
|
Batting: LHB Paul Collins
|
0-0: Foul Ball, location: 2F 0-1: Ball 1-1: Foul Ball, location: 2F 1-2: Fly out, F7 (Flyball, 7D, EV 90.0 MPH)
|
Batting: RHB Joel Vazquez
|
0-0: Ball 1-0: Called Strike 1-1: Foul Ball, location: 2F 1-2: Strikes out looking
|
Batting: RHB Pleun Smit
|
0-0: Ground out 4-3 (Groundball, 4, EV 106.2 MPH)
|
Top of the 2nd over - 0 runs, 0 hits, 0 errors, 1 left on base; Tri-City 1 - Auburn 0 |
BOTTOM OF THE 2ND |
Auburn Doubledays batting - Pitching for Tri-City Dust Devils : RHP Chris Leavitt
|
Batting: RHB Vasag Semerjian
|
0-0: Fly out, F9 (Flyball, 9LS, EV 84.4 MPH)
|
Batting: RHB Chad Madsen
|
0-0: Ball 1-0: Ball 2-0: Fly out, F6 (Line Drive, 6M, EV 65.6 MPH)
|
Batting: RHB Alex Martinez
|
0-0: Ball 1-0: SINGLE (Line Drive, 6MD, EV 103.1 MPH)
|
Batting: RHB Charlie Iacovone
|
0-0: Ball 1-0: Called Strike 1-1: Ball 2-1: Ball Alex Martinez steals 2nd base 3-1: Foul Ball, location: 2F 3-2: Strikes out swinging
|
Bottom of the 2nd over - 0 runs, 1 hit, 0 errors, 1 left on base; Tri-City 1 - Auburn 0 |
TOP OF THE 3RD |
Tri-City Dust Devils batting - Pitching for Auburn Doubledays : RHP Brian Walker
|
Batting: RHB Ben Hoffman
|
0-0: Ball 1-0: Ball 2-0: SINGLE (Groundball, 6MD, EV 102.5 MPH) (infield hit)
|
Batting: SHB Cesar Arteaga
|
0-0: Called Strike Ben Hoffman is caught stealing 2nd base 2-6 0-1: Foul Ball, location: 2F 0-2: Foul Ball, location: 2F 0-2: TRIPLE (Flyball, 89XD, EV 98.1 MPH)
|
Batting: RHB Yuusei Narita
|
0-0: Ball 1-0: Ball 2-0: Ball 3-0: Called Strike 3-1: Foul Ball, location: 2F 3-2: Ground out 4-3 (Groundball, 4, EV 75.6 MPH) Cesar Arteaga scores
|
Batting: RHB Deshawn Boseman
|
0-0: Called Strike 0-1: Ball 1-1: Called Strike 1-2: Ball 2-2: Foul Ball, location: 2F 2-2: Strikes out looking
|
Top of the 3rd over - 1 run, 2 hits, 0 errors, 0 left on base; Tri-City 2 - Auburn 0 |
BOTTOM OF THE 3RD |
Auburn Doubledays batting - Pitching for Tri-City Dust Devils : RHP Chris Leavitt
|
Batting: RHB Franklin Ortega
|
0-0: Ground out 6-3 (Groundball, 6, EV 104.4 MPH)
|
Batting: SHB Jose Melendez
|
0-0: Ground out 6-3 (Groundball, 6, EV 106.9 MPH)
|
Batting: LHB Carlos Guadarrama
|
0-0: SINGLE (Groundball, 25, EV 70.6 MPH) (infield hit)
|
Batting: RHB Colin Morris
|
0-0: Foul Ball, location: 2F 0-1: Swinging Strike 0-2: Ball 1-2: Strikes out swinging
|
Bottom of the 3rd over - 0 runs, 1 hit, 0 errors, 1 left on base; Tri-City 2 - Auburn 0 |
TOP OF THE 4TH |
Tri-City Dust Devils batting - Pitching for Auburn Doubledays : RHP Brian Walker
|
Batting: SHB Jared Boyce
|
0-0: Swinging Strike 0-1: Swinging Strike 0-2: Strikes out swinging
|
Batting: RHB Victor Contreras
|
0-0: Ball 1-0: Called Strike 1-1: SINGLE (Line Drive, 9S, EV 103.8 MPH)
|
Batting: LHB Paul Collins
|
0-0: Foul Ball, location: 2F 0-1: Called Strike 0-2: Ball 1-2: SINGLE (Line Drive, 4M, EV 96.9 MPH) Victor Contreras to second
|
Batting: RHB Joel Vazquez
|
0-0: Called Strike 0-1: Ball 1-1: Ball 2-1: Grounds into double play, 5-4-3 (Groundball, 56, EV 101.9 MPH)
|
Top of the 4th over - 0 runs, 2 hits, 0 errors, 1 left on base; Tri-City 2 - Auburn 0 |
BOTTOM OF THE 4TH |
Auburn Doubledays batting - Pitching for Tri-City Dust Devils : RHP Chris Leavitt
|
Batting: RHB Kenny Ball
|
0-0: Reached on error, E4 (Groundball, 4M, EV 85.0 MPH)
|
Batting: RHB Vasag Semerjian
|
0-0: Ball 1-0: Swinging Strike 1-1: Grounds into double play, 5-4-3 (Groundball, 56, EV 101.2 MPH)
|
Batting: RHB Chad Madsen
|
0-0: Ball 1-0: SINGLE (Groundball, 56D, EV 100.0 MPH)
|
Batting: RHB Alex Martinez
|
0-0: Ball 1-0: Swinging Strike 1-1: Ball 2-1: Foul Ball, location: 2F 2-2: Ball 3-2: Ground out 2-3 (Groundball, 15S, EV 69.4 MPH)
|
Bottom of the 4th over - 0 runs, 1 hit, 1 error, 1 left on base; Tri-City 2 - Auburn 0 |
TOP OF THE 5TH |
Tri-City Dust Devils batting - Pitching for Auburn Doubledays : RHP Brian Walker
|
Batting: RHB Pleun Smit
|
0-0: Foul Ball, location: 2F 0-1: Ground out 1-3 (Groundball, 13, EV 65.6 MPH)
|
Batting: RHB Ben Hoffman
|
0-0: Called Strike 0-1: Swinging Strike 0-2: Foul Ball, location: 2F 0-2: Ball 1-2: Foul Ball, location: 2F 1-2: Ball 2-2: Foul Ball, location: 2F 2-2: Ball 3-2: Base on Balls
|
Pitching: RHP Manny Mendoza
|
|
Batting: SHB Cesar Arteaga
|
0-0: Ball Ben Hoffman steals 2nd base 1-0: Ball 2-0: Called Strike 2-1: Called Strike Ben Hoffman is caught stealing 3rd base 2-5 2-2: Strikes out swinging
|
Top of the 5th over - 0 runs, 0 hits, 0 errors, 0 left on base; Tri-City 2 - Auburn 0 |
BOTTOM OF THE 5TH |
Auburn Doubledays batting - Pitching for Tri-City Dust Devils : RHP Chris Leavitt
|
Batting: RHB Charlie Iacovone
|
0-0: Called Strike 0-1: Called Strike 0-2: Ball 1-2: Strikes out looking
|
Batting: RHB Franklin Ortega
|
0-0: Ball 1-0: Swinging Strike 1-1: Called Strike 1-2: Ball 2-2: Strikes out swinging
|
Batting: SHB Jose Melendez
|
0-0: Ball 1-0: Foul Ball, location: 2F 1-1: Ball 2-1: Foul Ball, location: 2F 2-2: Ball 3-2: Fly out, F8 (Flyball, 8LM, EV 96.9 MPH)
|
Bottom of the 5th over - 0 runs, 0 hits, 0 errors, 0 left on base; Tri-City 2 - Auburn 0 |
TOP OF THE 6TH |
Tri-City Dust Devils batting - Pitching for Auburn Doubledays : RHP Manny Mendoza
|
Batting: RHB Yuusei Narita
|
0-0: Called Strike 0-1: Ball 1-1: Ground out 6-3 (Groundball, 6, EV 84.4 MPH)
|
Batting: RHB Deshawn Boseman
|
0-0: Called Strike 0-1: Ball 1-1: Ball 2-1: Ball 3-1: SINGLE (Groundball, 6D, EV 94.4 MPH)
|
Batting: SHB Jared Boyce
|
0-0: Called Strike 0-1: SINGLE (Groundball, 34, EV 100.6 MPH) Deshawn Boseman to second Runner from 2nd tries for 3rd, SAFE, throw by RF made to third
|
Batting: RHB Victor Contreras
|
0-0: Ball 1-0: SINGLE (Groundball, 6MS, EV 89.4 MPH) (infield hit) Deshawn Boseman scores Jared Boyce to second
|
Batting: LHB Paul Collins
|
0-0: Ball 1-0: Ball 2-0: Foul Ball, location: 2F 2-1: Fly out, F8 (Flyball, 8LM, EV 90.0 MPH)
|
Batting: RHB Joel Vazquez
|
0-0: Ground out 5-3 (Groundball, 5S, EV 84.4 MPH)
|
Top of the 6th over - 1 run, 3 hits, 0 errors, 2 left on base; Tri-City 3 - Auburn 0 |
BOTTOM OF THE 6TH |
Auburn Doubledays batting - Pitching for Tri-City Dust Devils : RHP Chris Leavitt
|
Batting: LHB Carlos Guadarrama
|
0-0: Swinging Strike 0-1: Called Strike 0-2: Ball 1-2: Strikes out swinging
|
Batting: RHB Colin Morris
|
0-0: Called Strike 0-1: Called Strike 0-2: Ball 1-2: Ball 2-2: Foul Ball, location: 2F 2-2: Strikes out swinging
|
Batting: RHB Kenny Ball
|
0-0: Called Strike 0-1: SINGLE (Flyball, 3D, EV 88.8 MPH)
|
Batting: RHB Vasag Semerjian
|
0-0: Ground out U3 (Groundball, 3S, EV 74.4 MPH)
|
Bottom of the 6th over - 0 runs, 1 hit, 0 errors, 1 left on base; Tri-City 3 - Auburn 0 |
TOP OF THE 7TH |
Tri-City Dust Devils batting - Pitching for Auburn Doubledays : RHP Manny Mendoza
|
Batting: RHB Pleun Smit
|
0-0: Ball 1-0: Ball 2-0: Foul Ball, location: 2F 2-1: Swinging Strike 2-2: Ball 3-2: Strikes out looking
|
Batting: RHB Ben Hoffman
|
0-0: Ball 1-0: Called Strike 1-1: Swinging Strike 1-2: Strikes out swinging
|
Batting: SHB Cesar Arteaga
|
0-0: Ball 1-0: Swinging Strike 1-1: Swinging Strike 1-2: Foul Ball, location: 2F 1-2: Ball 2-2: Ball 3-2: Base on Balls
|
Pitching: RHP Johnny Hallamore
|
|
Batting: RHB Yuusei Narita
|
0-0: Foul Ball, location: 2F 0-1: Foul Ball, location: 2F 0-2: Ball 1-2: Foul Ball, location: 2F 1-2: Strikes out swinging
|
Top of the 7th over - 0 runs, 0 hits, 0 errors, 1 left on base; Tri-City 3 - Auburn 0 |
BOTTOM OF THE 7TH |
Auburn Doubledays batting - Pitching for Tri-City Dust Devils : RHP Chris Leavitt
|
Batting: RHB Chad Madsen
|
0-0: Called Strike 0-1: Ball 1-1: SINGLE (Line Drive, 7S, EV 106.2 MPH)
|
Batting: RHB Alex Martinez
|
0-0: Foul Ball, location: 2F 0-1: Called Strike 0-2: Ball 1-2: Ball 2-2: Foul Ball, location: 2F 2-2: Ball 3-2: Grounds into double play, 5-4-3 (Groundball, 5, EV 110.0 MPH)
|
Batting: RHB Charlie Iacovone
|
0-0: Ball 1-0: Called Strike 1-1: Ball 2-1: Swinging Strike 2-2: Strikes out swinging
|
Bottom of the 7th over - 0 runs, 1 hit, 0 errors, 0 left on base; Tri-City 3 - Auburn 0 |
TOP OF THE 8TH |
Tri-City Dust Devils batting - Pitching for Auburn Doubledays : RHP Johnny Hallamore
|
Batting: RHB Deshawn Boseman
|
0-0: Called Strike 0-1: Swinging Strike 0-2: Strikes out looking
|
Batting: SHB Jared Boyce
|
0-0: Ground out 6-3 (Groundball, 6, EV 101.2 MPH)
|
Batting: RHB Victor Contreras
|
0-0: Fly out, F7 (Flyball, 78S, EV 86.9 MPH)
|
Top of the 8th over - 0 runs, 0 hits, 0 errors, 0 left on base; Tri-City 3 - Auburn 0 |
BOTTOM OF THE 8TH |
Auburn Doubledays batting - Pitching for Tri-City Dust Devils : RHP Chris Leavitt
|
Batting: RHB Franklin Ortega
|
0-0: Ball 1-0: Called Strike 1-1: Foul Ball, location: 2F 1-2: Strikes out looking
|
Batting: SHB Jose Melendez
|
0-0: Ball 1-0: Foul Ball, location: 2F 1-1: TRIPLE (Flyball, 89XD, EV 97.5 MPH)
|
Batting: LHB Carlos Guadarrama
|
0-0: Called Strike 0-1: Called Strike 0-2: Ball 1-2: Ball 2-2: Ball 3-2: Base on Balls
|
Batting: RHB Colin Morris
|
0-0: Called Strike 0-1: Swinging Strike 0-2: Strikes out swinging
|
Batting: RHB Kenny Ball
|
0-0: DOUBLE (Flyball, 8RXD, EV 100.6 MPH) Jose Melendez scores Carlos Guadarrama to third
|
Pitching: RHP Jarrod Kenny
|
|
Batting: RHB Vasag Semerjian
|
0-0: DOUBLE (Line Drive, 3D, EV 98.1 MPH) Carlos Guadarrama scores Kenny Ball scores
|
Pinch Hitting: LHB Mike Hamilton
|
0-0: Ball 1-0: Foul Ball, location: 2F 1-1: Ball 2-1: Foul Ball, location: 2F 2-2: Strikes out swinging
|
Bottom of the 8th over - 3 runs, 3 hits, 0 errors, 1 left on base; Tri-City 3 - Auburn 3 |
TOP OF THE 9TH |
Tri-City Dust Devils batting - Pitching for Auburn Doubledays : RHP Johnny Hallamore
|
Now in LF: Jon Ortiz
|
|
Batting: LHB Paul Collins
|
0-0: Swinging Strike 0-1: Called Strike 0-2: Ball 1-2: Ball 2-2: Strikes out swinging, 2-3 out at first.
|
Pinch Hitting: SHB Blake Abbott
|
0-0: Called Strike 0-1: Called Strike 0-2: Ball 1-2: Ball 2-2: Ball 3-2: Strikes out swinging
|
Pinch Hitting: LHB Bobby Gambrell
|
0-0: Ball 1-0: Foul Ball, location: 2F 1-1: Ball 2-1: Ball 3-1: Base on Balls
|
Batting: RHB Ben Hoffman
|
0-0: Ball Bobby Gambrell steals 2nd base 1-0: Foul Ball, location: 2F 1-1: Ball 2-1: Ball 3-1: Foul Ball, location: 2F 3-2: Base on Balls
|
Batting: SHB Cesar Arteaga
|
0-0: DOUBLE (Groundball, 3L, EV 102.5 MPH) Bobby Gambrell scores Ben Hoffman to third Runner from 3rd tries for Home, SAFE, throw by RF to home
|
Batting: RHB Yuusei Narita
|
0-0: Called Strike 0-1: Ball 1-1: Ball 2-1: Fly out, F4 (Popup, 34S, EV 85.0 MPH)
|
Top of the 9th over - 2 runs, 1 hit, 0 errors, 1 left on base; Tri-City 5 - Auburn 3 |
BOTTOM OF THE 9TH |
Auburn Doubledays batting - Pitching for Tri-City Dust Devils : RHP Jarrod Kenny
|
Now at 2B: Hector Fernandez
|
|
Now at 3B: Bobby Gambrell
|
|
Now at SS: Cesar Arteaga
|
|
Batting: RHB Alex Martinez
|
0-0: Ball 1-0: Called Strike 1-1: Called Strike 1-2: Ball 2-2: Ground out 4-3 (Groundball, 4M, EV 76.2 MPH)
|
Batting: RHB Charlie Iacovone
|
0-0: DOUBLE (Line Drive, 9LM, EV 110.0 MPH)
|
Pinch Hitting: RHB Ivan Torres
|
0-0: Ball 1-0: Ball 2-0: Ball 3-0: Called Strike 3-1: Swinging Strike 3-2: Foul Ball, location: 2F 3-2: Foul Ball, location: 2F 3-2: Ground out 4-3 (Groundball, 4D, EV 86.9 MPH) Charlie Iacovone to third
|
Batting: SHB Jose Melendez
|
0-0: Swinging Strike 0-1: Ball 1-1: Swinging Strike 1-2: Foul Ball, location: 2F 1-2: Foul Ball, location: 2F 1-2: Foul Ball, location: 2F 1-2: Foul Ball, location: 2F 1-2: Strikes out looking
|
Bottom of the 9th over - 0 runs, 1 hit, 0 errors, 1 left on base; Tri-City 5 - Auburn 3 |
|